[Event "*** Titled Tuesday Blitz"]
[Site "Chess.com"]
[Date "2020.03.03"]
[Round "1"]
[White "GianmarcoVaR"]
[Black "LarissaSteenbekkers"]
[Result "1-0"]
[WhiteElo "2555"]
[BlackElo "1836"]
[TimeControl "180+1"]
[EndTime "9:07:59 PST"]
[Termination "GianmarcoVaR won by resignation"]

1. d4 Nf6 2. Nf3 g6 3. c4 Bg7 4. g3 c5 5. d5 b5 6. cxb5 a6 7.
bxa6 d6 8. Nc3 Bxa6 9. Bg2 Nbd7 10. O-O Nb6 11. Re1 O-O 12. Rb1 Bc8 13. b3 Bf5 14. e4 Bd7 15. h3 c4 16. b4 Na4 17.
Nxa4 Bxa4 18. Qe2 c3 19. Nd4 Nxd5 20. Nc2 Nb6 21. Be3 Qc7 22. Rbc1 Nc4 23. Bd4 e5 24.
Bxc3 Rfc8 25. Ne3 Bb5 26. Nd5 Qa7 27. Ra1 Na3 28. Qd2 Bc4 29. Bf1 Nb5 30. a4 Nxc3 31. Nxc3 Qd4 32. Qxd4 exd4 33. Nb5 Bxb5 34. Bxb5 d3 35.
Rad1 d2 36. Rxd2 Bc3 37. Red1 Bxd2 38. Rxd2 Rc1+ 39. Kg2 Rb1 40. Bc6 Rc8 41. b5 Rb4 42. a5 Ra4 43. a6 Rc7 44. Rxd6 Kg7 45. h4 h5 46. Rd2 Rxa6 47. bxa6 Rxc6 48. Ra2 Rc8 49.
a7 Ra8 50. Kf3 Kf6 51. Ra6+ Ke7 52. Kf4 Kd7 53. Ke5 Ke7 54. f4 Kd7 55. Kf6 Ke8 56.
e5 1-0

[Event "*** Titled Tuesday Blitz"]
[Site "Chess.com"]
[Date "2020.03.03"]
[Round "1"]
[White "piscatorox"]
[Black "Lubov_Gordyk"]
[Result "0-1"]
[WhiteElo "2249"]
[BlackElo "2637"]
[TimeControl "180+1"]
[EndTime "9:08:03 PST"]
[Termination "Lubov_Gordyk won on time"]

1. e4 e5 2. Nf3 d6 3. d4 exd4 4. Qxd4 Nf6 5. c4 Be7 6. h3 O-O 7. Nc3 Re8 8. Be2 Nc6 9. Qe3 Bf8 10. O-O Bf5 11. Nd2 Bd7 12. a3 a6 13. b4 g6 14. Bb2 Bg7 15. Rab1 b5 16. c5 d5 17. Qf4 Nd4 18. e5 Nxe2+ 19. Nxe2 Nh5 20. Qh2 Bf5 21. Rbe1 Bd3 22. g4 Nf6 23. exf6 Bxf6 24. Bxf6 Qxf6 25. f4 Qb2 26. Ng3 Bxf1 27. Rxe8+ Rxe8 28. Ndxf1 Qxa3 29. Qd2 Qa1 30. f5 Qe5 31. fxg6 fxg6 32. Kg2 c6 33. Qh6 Qd4 34. h4 Qxg4 35. h5 Re2+ 36. Kg1 Re6 37.
hxg6 Qxg6 38. Qf4 h5 39. Qb8+ Re8 40. Qf4 Rf8 41. Qh4 Qg4 42. Qxh5 Rxf1+ 43. Kxf1 Qxg3 44. Qe8+ Kg7 45. Qd7+ Kh8 46. Qe8+ Qg8 47. Qh5+ Kg7 48.
Qg5+ Kf7 49. Qf5+ Ke7 50. Qe5+ Qe6 51. Qc7+ Kf6 52. Qh7 Qf5+ 0-1

[Event "*** Titled Tuesday Blitz"]
[Site "Chess.com"]
[Date "2020.03.03"]
[Round "1"]
[White "arjwezhrtdrz"]
[Black "malandragem"]
[Result "0-1"]
[WhiteElo "2088"]
[BlackElo "2583"]
[TimeControl "180+1"]
[EndTime "9:08:03 PST"]
[Termination "malandragem won on time"]

1. e4 e5 2. Nf3 Nc6 3. Nc3 Nf6 4. Bb5 Nd4 5. Nxd4 exd4 6. e5 dxc3 7. exf6 Qxf6 8.
dxc3 Bc5 9. O-O O-O 10. Bd3 h6 11. Qg4 d5 12. Qf4 Qe7 13. Qg3 Bd6 14. Bf4 Bxf4 15.
Qxf4 Re8 16. h3 b6 17. Rae1 Qxe1 18. Rxe1 Rxe1+ 19. Kh2 Re7 20. b4 Bb7 21. a4 Rd8 22.
Qf5 g6 23. Qf6 Rdd7 24. h4 h5 25. g4 Re6 26. Qg5 hxg4 27. Qxg4 Red6 28. h5 Kf8 29. h6 f5 30. Qd4 Rh7 31. f4 Rxh6+ 32. Kg3 Rh7 33.
Qe5 Bc6 34. b5 Be8 35. c4 dxc4 36. Bxc4 Bf7 37. Bd3 Bg8 38. Qc3 Ke8 39. Qe5+ Kd8 40. Qc3 Bd5 41. Qe5 Kd7 42. c4 Bg8 43. Bc2 Kd8 0-1

[Event "*** Titled Tuesday Blitz"]
[Site "Chess.com"]
[Date "2020.03.03"]
[Round "1"]
[White "saisree"]
[Black "GukeshDommaraju"]
[Result "0-1"]
[WhiteElo "2287"]
[BlackElo "2663"]
[TimeControl "180+1"]
[EndTime "9:08:04 PST"]
[Termination "GukeshDommaraju won by resignation"]

1. e4 c5 2. Nf3 Nc6 3. Bb5 g6 4. O-O Bg7 5. c3 e5 6. d3 Nge7 7. Nbd2 O-O 8. Re1 d6 9. Nf1 a6 10. Ba4 h6 11. Ng3 Be6 12. Be3 b6 13. d4 exd4 14.
cxd4 Bg4 15. dxc5 dxc5 16. h3 Qxd1 17. Rexd1 Bxf3 18. gxf3 b5 19. Bc2 Nd4 20. Bxd4 Bxd4 21.
Rab1 Nc6 22. Ne2 Bg7 23. Rd5 Rac8 24. a3 Rfd8 25. Nc3 Nd4 26. Bd1 Rxd5 27. Nxd5 Kf8 28. b3 Ne6 29. Kg2 Be5 30. a4 Ra8 31. Be2 Nd4 32.
Bf1 g5 33. Nb6 Rd8 34. Nd5 Rb8 35. Bd3 Ne6 36. Rc1 Bd4 37. Rc2 Ke8 38. Rc1 Kd7 39.
Rc2 c4 40. bxc4 bxa4 41. Ra2 Nc5 42. Bc2 a3 43. Bd1 Bb2 44. Ne3 Nd3 45. Nc2 Nc1 46.
Rxa3 Bxa3 47. Nxa3 Nd3 48. Be2 Nf4+ 49. Kf1 Rb3 50. Nc2 Rb1+ 51. Ne1 a5 0-1

[Event "*** Titled Tuesday Blitz"]
[Site "Chess.com"]
[Date "2020.03.03"]
[Round "1"]
[White "LawrenceTrent"]
[Black "northridgehawk"]
[Result "0-1"]
[WhiteElo "2570"]
[BlackElo "2194"]
[TimeControl "180+1"]
[EndTime "9:08:04 PST"]
[Termination "northridgehawk won on time"]

1. e4 e5 2. Nf3 Nc6 3. Bc4 Nf6 4. d3 Bc5 5. c3 d6 6. h3 a6 7. Bb3 Ba7 8. Nbd2 h6 9. Nf1 O-O 10. Ng3 d5 11. Qe2 Re8 12. O-O d4 13. Nh2 Be6 14. Bxe6 Rxe6 15. c4 Bc5 16. Nf5 Kh7 17. Qf3 Bf8 18. Ng4 Nxg4 19. hxg4 Qf6 20. g5 hxg5 21. g3 Ne7 22. Qh5+ Kg8 23. Bxg5 Qg6 24. Nxe7+ Bxe7 25. Qxg6 fxg6 26. Bxe7 Rxe7 27. b4 Rf8 28. Kg2 Ref7 29. f3 g5 30. g4 Kh7 31. Rf2 Kg6 32. a4 Rh8 33. Rh1 Rh4 34. Rxh4 gxh4 35. f4 exf4 36. Kf3 Kg5 37. Re2 Re7 38. e5 Re6 39. Re4 h3 40. Re2 g6 41. a5 h2 42. Rxh2 Rxe5 43. Rh7 Re3+ 44. Kf2 Rxd3 45. Rxc7 Kxg4 46. b5 Rd2+ 47. Ke1 Rb2 48. Rxb7 axb5 49. a6 f3 50. a7 f2+ 51.
Kf1 Kg3 52. Rxb5 Ra2 53. Rb3+ Kf4 54. Rb7 d3 55. c5 d2 56. Rd7 Ke3 57. Re7+ Kd3 58.
Rd7+ Kc3 59. c6 Rxa7 60. c7 Ra8 61. Kxf2 Kc2 62. Ke2 Re8+ 0-1

[Event "*** Titled Tuesday Blitz"]
[Site "Chess.com"]
[Date "2020.03.03"]
[Round "1"]
[White "Sibelephant"]
[Black "marcodobrikov"]
[Result "0-1"]
[WhiteElo "3046"]
[BlackElo "2564"]
[TimeControl "180+1"]
[EndTime "9:08:11 PST"]
[Termination "marcodobrikov won on time"]

1. d4 Nf6 2. c4 g6 3. g3 Bg7 4. Bg2 d5 5. cxd5 Nxd5 6. e4 Nb6 7. Ne2 O-O 8. O-O a5 9. Nbc3 Nc6 10. d5 Nb4 11. a3 Na6 12. Be3 Nc4 13. Bd4 Nxb2 14.
Qb3 Nd3 15. Bxg7 Kxg7 16. Na4 Ne5 17. Qc3 f6 18. f4 Nf7 19. Qxa5 e5 20. Rac1 Bg4 21.
Qd2 Qd6 22. Rc3 Rfe8 23. Nb2 Bxe2 24. Qxe2 exf4 25. gxf4 Qxd5 26. Kh1 Qd4 27. Rd3 Qc5 28. Rd7 Rad8 29. Qd3 Rxd7 30. Qxd7 Re7 31. Qd3 Qd6 32. Qc3 Nc5 33. Nc4 Qd3 34. Qxd3 Nxd3 35. a4 Nd6 36.
Nxd6 cxd6 37. a5 Rc7 38. h3 Rc2 39. e5 dxe5 40. fxe5 Nxe5 41. Bxb7 Ra2 42. a6 f5 43. Rd1 f4 44. Rd4 g5 45. h4 h6 46. Rd5 Kf6 47. Rd6+ Kf5 48. Rxh6 g4 49. Bc8+ Ke4 50. Bb7+ Ke3 51.
Re6 Kd4 52. h5 f3 53. h6 g3 54. Rxe5 Ra1+ 0-1

[Event "*** Titled Tuesday Blitz"]
[Site "Chess.com"]
[Date "2020.03.03"]
[Round "1"]
[White "SONOFHOLYGOD"]
[Black "ChelsieMonica"]
[Result "1/2-1/2"]
[WhiteElo "2581"]
[BlackElo "2128"]
[TimeControl "180+1"]
[EndTime "9:08:11 PST"]
[Termination "Game drawn by repetition"]

1. d4 Nf6 2. c4 e6 3. Nc3 Bb4 4. f3 Bxc3+ 5. bxc3 O-O 6. e4 d6 7. Bd3 e5 8. Ne2 Nc6 9. O-O Re8 10. Bg5 h6 11. Bh4 a6 12. Kh1 Nb8 13. Bxf6 Qxf6 14.
f4 exd4 15. cxd4 Nc6 16. e5 Qh4 17. Be4 Bg4 18. d5 Ne7 19. h3 Nf5 20. Bxf5 Bxf5 21. Kg1 dxe5 22. fxe5 Rxe5 23. Rf4 Qg5 24. Rf2 Rae8 25.
Nf4 Re3 26. Qd2 R8e4 27. Raf1 Rg3 28. c5 Kh7 29. d6 cxd6 30. cxd6 Bd7 31. Qc2 f5 32.
Nd5 Re5 33. Ne7 g6 34. a4 h5 35. Qa2 Qf6 36. Qg8+ Kh6 37. Qd8 Qxd6 38. Ng8+ Kh7 39. Nh6 Kxh6 40. Qh8+ Kg5 41. Rf4 Rxg2+ 42. Kxg2 Re2+ 43.
Kg1 Qc5+ 44. R4f2 Rxf2 45. Rxf2 Bc6 46. Qd8+ Kh6 47. Qh8+ Kg5 48. Qd8+ Kh6 49. Qh8+ Kg5 1/2-1/2

[Event "*** Titled Tuesday Blitz"]
[Site "Chess.com"]
[Date "2020.03.03"]
[Round "1"]
[White "GelmanAlexander"]
[Black "youngKID"]
[Result "0-1"]
[WhiteElo "2472"]
[BlackElo "2840"]
[TimeControl "180+1"]
[EndTime "9:08:12 PST"]
[Termination "youngKID won on time"]

1. e4 c5 2. b4 cxb4 3. a3 b3 4.
cxb3 d5 5. e5 d4 6. Nf3 Bg4 7.
h3 Bxf3 8. Qxf3 Nc6 9. e6 fxe6 10. Bc4 Nf6 11. O-O Ne5 12. Bb5+ Kf7 13. Qg3 Qd5 14.
a4 a6 15. Be2 Rc8 16. Na3 d3 17. Bd1 b5 18. axb5 axb5 19. Re1 Ned7 20. Bb2 g6 21. Nb1 b4 22. Ra6 Nc5 23. Ra5 Bg7 24. Re5 Qd6 25. f4 Ncd7 26. Qe3 Nd5 27. Qxd3 Nxe5 28. fxe5 Bxe5 29. Bxe5 Qxe5 30. Bf3 Qe1+ 31. Kh2 Rc1 32.
Rxd5 exd5 33. Bxd5+ Kg7 34. Qd4+ e5 35. Qa7+ Kh6 36. Qe7 Qg1+ 37. Kg3 Qe1+ 38. Kh2 Rxb1 39. Qf6 Rc8 40. Be4 Qg1+ 41. Kg3 Qe1+ 42. Kh2 Qxe4 0-1

[Event "*** Titled Tuesday Blitz"]
[Site "Chess.com"]
[Date "2020.03.03"]
[Round "1"]
[White "Sordis"]
[Black "Elshan1985"]
[Result "0-1"]
[WhiteElo "2377"]
[BlackElo "2731"]
[TimeControl "180+1"]
[EndTime "9:08:12 PST"]
[Termination "Elshan1985 won by checkmate"]

1. c3 g6 2. d4 Bg7 3. Bf4 d6 4. Nf3 Nc6 5. e3 e5 6. dxe5 dxe5 7. Qxd8+ Kxd8 8. Bg3 f6 9. Bb5 Nge7 10. Nbd2 a6 11.
Bc4 Bf5 12. O-O-O Kc8 13. e4 Bd7 14. Nf1 Na5 15. Bd3 Be6 16. b3 b5 17. Kc2 c5 18. Ne3 Kb7 19. Nd2 Bh6 20. Rhe1 Rhd8 21. f3 Rac8 22. Bf1 Nac6 23. Bf2 b4 24. Bc4 Bxe3 25.
Bxe3 Bxc4 26. Nxc4 bxc3 27. Kxc3 Nd4 28. Bxd4 cxd4+ 29. Kd2 g5 30. Rc1 h5 31. Rc2 Nc6 32. a3 Na7 33. Rec1 Kb8 34. Nb2 Rxc2+ 35. Rxc2 Rc8 36. Nd3 Rxc2+ 37. Kxc2 Kc7 38. a4 Nc6 39. b4 Kb6 40.
Kb3 a5 41. b5 Nd8 42. Kc4 Ne6 43. h3 h4 44. Kd5 Nc7+ 45. Kd6 Nxb5+ 46. axb5 Kxb5 47.
Ke6 a4 48. Kxf6 a3 49. Nc1 d3 50. Nxd3 a2 51. Nxe5 a1=Q 52. Kf5 Qc1 53. Ng6 Qd2 54. e5 Qxg2 55. e6 Qxh3+ 56. Kf6 Qxf3+ 57. Kxg5 Qe3+ 58. Kxh4 Qxe6 59. Kh5 Qf5+ 60. Kh6 Qf6 61. Kh5 Kc6 62. Nh4 Qe5+ 63. Kg4 Kd5 64. Nf5 Qe4+ 65. Kg5 Qg2+ 66. Kf6 Qf2 67. Kg5 Ke5 68. Nh6 Qg3+ 69. Ng4+ Ke6 70. Kh5 Kf5 71. Nh6+ Kf4 72. Nf7 Qg7 73. Kh4 Qh7+ 74. Nh6 Qxh6# 0-1

[Event "*** Titled Tuesday Blitz"]
[Site "Chess.com"]
[Date "2020.03.03"]
[Round "1"]
[White "floplover"]
[Black "xamax2000"]
[Result "0-1"]
[WhiteElo "2289"]
[BlackElo "2674"]
[TimeControl "180+1"]
[EndTime "9:08:13 PST"]
[Termination "xamax2000 won by resignation"]

1. d4 d5 2. c4 e6 3. Nf3 a6 4. Nc3 dxc4 5. a4 Nc6 6. e4 Na5 7. Ne5 Nb3 8. Be3 Nxa1 9. Qxa1 Bb4 10. Bxc4 Nf6 11. f3 O-O 12. O-O h6 13. Rd1 c6 14.
Qc1 a5 15. Ne2 Kh7 16. Ng3 Qe7 17. Nd3 Bd7 18. e5 Nd5 19. Nxb4 axb4 20. Bd3+ g6 21.
Bxh6 Rxa4 22. Ne4 Rfa8 23. Bg5 Qf8 24. Nf6+ Nxf6 25. exf6 Ra1 26. Qxa1 Rxa1 27. Rxa1 Qd6 28. Be3 e5 29. Bc4 exd4 30. Rd1 Qxf6 31. Bxd4 Qe7 32. Kf2 Be6 33. Bf1 c5 34. Be3 c4 35. Rd4 c3 36.
bxc3 bxc3 37. g3 Bf5 38. Rh4+ Kg7 39. Bd4+ f6 40. g4 g5 41. Rh5 Bg6 42. Rxg5 Qd6 43. Bxc3 Qxh2+ 44. Ke3 Qg1+ 45. Ke2 Kf7 46. Rd5 b5 47.
Bd4 Qh2+ 48. Ke3 b4 49. Bc4 Qg1+ 50. Kf4 Qc1+ 51. Kg3 Qxc4 52. Rd7+ Ke6 53. Rd8 Ke7 0-1

[Event "*** Titled Tuesday Blitz"]
[Site "Chess.com"]
[Date "2020.03.03"]
[Round "1"]
[White "Rish_97"]
[Black "mortngabriel"]
[Result "1-0"]
[WhiteElo "2772"]
[BlackElo "2413"]
[TimeControl "180+1"]
[EndTime "9:08:14 PST"]
[Termination "Rish_97 won on time"]

1. Nf3 Nf6 2. c4 e6 3. g3 d5 4.
Bg2 dxc4 5. Qa4+ Bd7 6. Qxc4 Bc6 7. O-O Bd6 8. Qc2 O-O 9. Nc3 b5 10. a3 a5 11. a4 b4 12. Nb5 Bd5 13. b3 Ra6 14. d3 Nbd7 15. e4 Bb7 16. Bb2 e5 17. Rfd1 Qe7 18. Rac1 h6 19. Nd2 Nc5 20.
Nxc7 Qxc7 21. Nc4 Ne6 22. d4 Nxd4 23. Bxd4 exd4 24. Nxd6 Qxc2 25. Rxc2 Rxd6 26. e5 Bxg2 27. Kxg2 Re6 28. exf6 Rxf6 29. Rc5 Rd8 30. Rd3 Kh7 31.
Rxa5 Re8 32. Rd5 Re2 33. Rf3 Rxf3 34. Kxf3 Rb2 35. a5 Rxb3+ 36. Ke4 Ra3 37. Kxd4 b3 38. Kc3 Ra2 39. Kxb3 Rxf2 40. a6 Rf6 41. Ra5 Rb6+ 42.
Kc4 Rb8 43. a7 Ra8 44. Kc5 Kg6 45. Kb6 f5 46. Kb7 Rxa7+ 47. Kxa7 Kg5 48. Kb6 Kg4 49. Kc5 g5 50. Kd4 Kh3 51. Rxf5 Kxh2 52. g4 Kg3 53. Rf6 Kxg4 54. Rxh6 Kf3 55. Rf6+ Kg3 56. Ke3 g4 57. Rg6 Kh3 58. Kf4 1-0

[Event "*** Titled Tuesday Blitz"]
[Site "Chess.com"]
[Date "2020.03.03"]
[Round "1"]
[White "vlad10898"]
[Black "ArlanCabe"]
[Result "1/2-1/2"]
[WhiteElo "2693"]
[BlackElo "2349"]
[TimeControl "180+1"]
[EndTime "9:08:16 PST"]
[Termination "Game drawn by repetition"]

1. e4 c5 2. Nf3 d6 3. d4 cxd4 4. Nxd4 Nf6 5. Nc3 a6 6. Bg5 Nbd7 7. Qe2 Qc7 8. f4 h6 9. Bxf6 Nxf6 10. e5 Bg4 11.
Qe3 dxe5 12. fxe5 Nd7 13. e6 fxe6 14. Nxe6 Bxe6 15. Qxe6 Qe5+ 16. Qxe5 Nxe5 17. O-O-O Rd8 18. Re1 Nc6 19. Bc4 e5 20. Rhf1 Bb4 21. Rf7 Bxc3 22. bxc3 Rd7 23. Ref1 Nd8 24. R7f5 Re7 25. Re1 Nc6 26.
Bd5 Rf8 27. Bxc6+ bxc6 28. Rfxe5 Rxe5 29. Rxe5+ Kd7 30. Ra5 Rf2 31. g4 Rxh2 32. Rxa6 g5 33. Ra7+ Kd6 34. Rh7 Kc5 35. Kb2 Rh4 36. Kb3 Rxg4 37.
Rxh6 Rg1 38. c4 g4 39. Rg6 Rg3+ 40. c3 Rg1 41. Rg5+ Kb6 42. a4 g3 43. c5+ Ka5 44.
Rg6 g2 45. Kc4 Kxa4 46. Rxc6 Ka5 47. Rg6 Rh1 48. Rxg2 Rh4+ 49. Kb3 Kb5 50. Rg5 Rh3 51. Re5 Rg3 52. Rf5 Kc6 53. Kb4 Rg4+ 54. c4 Rg1 55. Rf6+ Kc7 56. c6 Rg5 57. Re6 Rf5 58. Rh6 Rg5 59. Kc3 Rg1 60. Kd4 Rg4+ 61. Kc5 Rg5+ 62. Kd4 Rg4+ 63. Kd3 Rg5 64. Kd4 Rg4+ 1/2-1/2

[Event "*** Titled Tuesday Blitz"]
[Site "Chess.com"]
[Date "2020.03.03"]
[Round "1"]
[White "Kobalia"]
[Black "isla88"]
[Result "0-1"]
[WhiteElo "2627"]
[BlackElo "2289"]
[TimeControl "180+1"]
[EndTime "9:08:18 PST"]
[Termination "isla88 won on time"]

1. e4 c5 2. Nf3 Nc6 3. Bb5 g6 4. Bxc6 dxc6 5. O-O Bg7 6. Re1 e5 7. d3 Qc7 8. a4 b6 9. a5 Rb8 10. Nbd2 Nf6 11. Nc4 Nd7 12. Bg5 f6 13. Bd2 O-O 14. c3 b5 15. Ne3 f5 16. exf5 gxf5 17. Qb3+ c4 18. dxc4 Nc5 19. Qa3 Nd3 20. cxb5 Nxe1 21. Rxe1 cxb5 22. Nd5 Qd7 23. Ne7+ Kh8 24. Bg5 e4 25. Nd4 b4 26. Qa2 h6 27. Bh4 Kh7 28. Nec6 Rb7 29. Rd1 Qf7 30. Qxf7 Rbxf7 31. Nxb4 f4 32.
Ndc6 Rd7 33. Re1 Re8 34. g3 f3 35. Nc2 Rd2 36. N6b4 Red8 37. Bxd8 Rxd8 38. Rxe4 Bf5 39. Re1 Rd2 40. Ne3 Bg6 41. Nc6 Rxb2 42. Rc1 Bd3 43.
Nxa7 Bxc3 44. Nc6 Bd2 45. Ra1 Bxe3 46. a6 Bxf2+ 47. Kh1 Be4 48. Ne5 Bd4 0-1

[Event "*** Titled Tuesday Blitz"]
[Site "Chess.com"]
[Date "2020.03.03"]
[Round "1"]
[White "Anton_Demchenko"]
[Black "Zavgorodniy_Serg"]
[Result "1-0"]
[WhiteElo "2984"]
[BlackElo "2533"]
[TimeControl "180+1"]
[EndTime "9:08:19 PST"]
[Termination "Anton_Demchenko won by resignation"]

1. e4 e5 2. Nf3 d6 3. d4 exd4 4. Qxd4 Nc6 5. Bb5 Bd7 6. Bxc6 Bxc6 7. Nc3 Nf6 8. Bg5 Be7 9. O-O-O O-O 10. Rhe1 h6 11. Bh4 Re8 12. h3 Nd7 13. Bxe7 Qxe7 14. Nd5 Bxd5 15. Qxd5 Qf6 16. Re3 Ne5 17. Nxe5 Qxe5 18.
Qb3 Qf4 19. Kb1 Rxe4 20. Rf3 Qd2 21. Qxf7+ Kh8 22. Rd3 Qa5 23. a3 Re2 24. Rg3 Rg8 25. Qf3 Re1 26. Rxe1 Qxe1+ 27. Ka2 c6 28. Qe3 Re8 29.
Qxa7 Qd2 30. Qxb7 Rg8 31. Qb6 Qxc2 32. Qd4 c5 33. Qc3 Qf5 34. Rf3 Qe6+ 35. Ka1 Re8 36. Re3 Qf7 37. Rxe8+ Qxe8 38. Qd2 Qc6 39. f3 d5 40. Kb1 d4 41. Kc1 Qd5 42. Qc2 c4 43. Qe4 Qd6 44. f4 Qc5 45. Qe8+ Kh7 46. Qe4+ Kg8 47.
Qe5 Qxe5 48. fxe5 Kf7 49. a4 Ke6 50. a5 Kxe5 51. a6 1-0

[Event "*** Titled Tuesday Blitz"]
[Site "Chess.com"]
[Date "2020.03.03"]
[Round "1"]
[White "Ali_rastbod"]
[Black "norwaytoadog"]
[Result "1-0"]
[WhiteElo "2630"]
[BlackElo "2240"]
[TimeControl "180+1"]
[EndTime "9:08:21 PST"]
[Termination "Ali_rastbod won on time"]

1. c4 e5 2. Nc3 Nf6 3. Nf3 Nc6 4. g3 Bb4 5. Bg2 O-O 6. O-O Bxc3 7. bxc3 Re8 8. d3 d6 9. e4 h6 10. Ne1 a6 11. a4 Na5 12. f4 exf4 13. gxf4 Bd7 14. Rb1 Rb8 15. Ra1 b6 16. Nf3 Nb7 17. f5 Nc5 18.
Nd4 b5 19. cxb5 axb5 20. axb5 Bxb5 21. Nxb5 Rxb5 22. Be3 Qb8 23. Bd4 Ncd7 24. Rb1 c5 25.
Bf2 Ne5 26. Qc2 Neg4 27. c4 Rb4 28. Rxb4 Qxb4 29. Rb1 Qa3 30. Be1 Ne3 31. Qb3 Qa8 32. Bg3 Nxg2 33. Kxg2 Nxe4 34. dxe4 Qxe4+ 35. Kg1 Qxf5 36. Rf1 Qg4 37. Qd3 h5 38. Qf3 Qxf3 39. Rxf3 Re4 40. Rf4 Rxf4 41. Bxf4 Kf8 42. Bxd6+ Ke8 43. Bxc5 Kd7 44.
Bd4 f6 45. Kf2 Ke6 46. Kf3 g5 47. Ke4 f5+ 48. Kf3 f4 49. Ke4 h4 50. c5 g4 51. Kxf4 g3 52. hxg3 h3 53. Kf3 Kd5 54. Bf2 Kc6 55. g4 Kd5 56. Kg3 1-0

[Event "*** Titled Tuesday Blitz"]
[Site "Chess.com"]
[Date "2020.03.03"]
[Round "1"]
[White "Nalatac"]
[Black "MikaelyanArman"]
[Result "0-1"]
[WhiteElo "2278"]
[BlackElo "2662"]
[TimeControl "180+1"]
[EndTime "9:08:23 PST"]
[Termination "MikaelyanArman won on time"]

1. e4 c5 2. Nf3 Nc6 3. d4 cxd4 4. Nxd4 g6 5. c4 Bg7 6. Be3 Qb6 7. Nb3 Qc7 8. Qd2 Nf6 9. Nc3 d6 10. Be2 b6 11.
Rc1 O-O 12. O-O Bb7 13. Rfd1 Rac8 14. f3 Qb8 15. Na1 Rfd8 16. Nc2 e6 17. Bg5 Ne5 18. b3 a6 19. Nd4 Qa7 20. Kh1 Rd7 21. Bf1 Ba8 22.
Qf2 h6 23. Be3 Qb7 24. Na4 Qb8 25. Nxe6 fxe6 26. Nxb6 Rf7 27. Nxc8 Qxc8 28. Qd2 Bf8 29. Bxh6 Bxh6 30. Qxh6 Qc5 31. Qd2 Nfg4 32. fxg4 Nxg4 33.
h3 Nf2+ 34. Kh2 Qe5+ 35. Kg1 Qg3 36. Qc3 Nxh3+ 37. Kh1 Nf2+ 38. Kg1 Qh4 39. Qf3 Rxf3 40. gxf3 Nxd1 41. Rxd1 d5 42. cxd5 exd5 43. exd5 Qg5+ 44.
Kf2 Kg7 45. Bc4 Qh4+ 46. Ke2 Qh2+ 0-1

[Event "*** Titled Tuesday Blitz"]
[Site "Chess.com"]
[Date "2020.03.03"]
[Round "1"]
[White "djamir"]
[Black "StockholmMissile"]
[Result "1-0"]
[WhiteElo "2753"]
[BlackElo "2394"]
[TimeControl "180+1"]
[EndTime "9:08:25 PST"]
[Termination "djamir won on time"]

1. d4 d5 2. Bf4 Nf6 3. e3 c5 4. c3 Nc6 5. Nd2 e6 6. Ngf3 Be7 7.
Ne5 Nxe5 8. Bxe5 O-O 9. Bd3 Nd7 10. Bg3 Nf6 11. O-O Bd6 12. f4 b6 13. Bh4 Be7 14.
Qf3 Bb7 15. Bxf6 Bxf6 16. Qh3 g6 17. Nf3 a5 18. Rf2 Ba6 19. Bc2 b5 20. Ne5 b4 21.
Re1 Qc7 22. Ba4 Bg7 23. g4 Rad8 24. g5 Bxe5 25. fxe5 cxd4 26. cxd4 Bd3 27. Bd1 Rc8 28. Bg4 a4 29. Rd1 Be4 30. Bf3 Bf5 31. Qg2 b3 32. a3 Qa5 33. e4 dxe4 34. Bxe4 Bxe4 35. Qxe4 Qd5 36. Qf4 Rc7 37. h4 Rc2 38. Rdf1 Rxf2 39. Rxf2 Qd7 40. h5 gxh5 41. Kh1 Rd8 42. Kh2 Rc8 43. Kh3 Rc2 44. Kh4 Rxf2 45. Qxf2 Qd5 46. Kxh5 Qh1+ 47. Kg4 Qe4+ 48. Kg3 Qd3+ 49. Kf4 Qc2 50. Ke3 Qc4 51. Qe2 Qc1+ 52. Qd2 Qg1+ 53. Kd3 Qf1+ 54. Kc3 Qb5 55. Qd3 Qb6 56. Qc4 1-0

[Event "*** Titled Tuesday Blitz"]
[Site "Chess.com"]
[Date "2020.03.03"]
[Round "1"]
[White "nonscitis"]
[Black "DACF2905"]
[Result "1-0"]
[WhiteElo "2621"]
[BlackElo "2217"]
[TimeControl "180+1"]
[EndTime "9:08:25 PST"]
[Termination "nonscitis won on time"]

1. d4 g6 2. c4 Bg7 3. Nf3 Nf6 4. Nc3 O-O 5. e4 d6 6. Be2 e5 7. O-O exd4 8. Nxd4 Nc6 9. Be3 Nxd4 10. Bxd4 Be6 11.
Rc1 Qd7 12. f3 Ne8 13. Bxg7 Nxg7 14. Qd4 f5 15. Rfd1 fxe4 16. Nxe4 Qe7 17. g4 Rae8 18. Nc3 Qf7 19. b3 Qf4 20. Qxf4 Rxf4 21. Re1 Bf7 22. Kf2 Rf6 23. Nd5 Bxd5 24. cxd5 Rf7 25. Bb5 Rxe1 26. Rxe1 Kf8 27. h4 Re7 28. Rh1 Ne8 29. g5 Ng7 30.
Bd3 Nh5 31. Be4 Kg7 32. b4 Nf4 33. a4 c6 34. dxc6 d5 35. Bb1 bxc6 36. Rc1 Rc7 37.
b5 c5 38. a5 c4 39. Ke3 Ne6 40. Ba2 Rc5 41. Rb1 Rc8 42. b6 axb6 43. axb6 Rb8 44.
Rb5 Kf7 45. Rxd5 Rxb6 46. Bxc4 Ke7 47. Re5 Kf7 48. Ke4 Ke7 49. Rxe6+ Rxe6+ 50. Bxe6 Kxe6 51. f4 Kd6 52. f5 gxf5+ 53. Kxf5 Ke7 54. h5 Kf7 55. Ke5 1-0

[Event "*** Titled Tuesday Blitz"]
[Site "Chess.com"]
[Date "2020.03.03"]
[Round "1"]
[White "AtabayevSaparmyrat"]
[Black "aridannie"]
[Result "1-0"]
[WhiteElo "2780"]
[BlackElo "2423"]
[TimeControl "180+1"]
[EndTime "9:08:27 PST"]
[Termination "AtabayevSaparmyrat won on time"]

1. e4 c5 2. Nf3 Nc6 3. d4 cxd4 4. Nxd4 g6 5. Nc3 Bg7 6. Be3 Nf6 7. Nxc6 bxc6 8. e5 Ng8 9. Bd4 Nh6 10. e6 O-O 11. Bxg7 Kxg7 12. exd7 Qxd7 13. Qxd7 Bxd7 14. O-O-O Be6 15.
Be2 Rfd8 16. Bf3 Rxd1+ 17. Rxd1 Rc8 18. Ne4 Bd5 19. b3 Nf5 20. c4 Bxe4 21. Bxe4 Nd6 22. Bf3 c5 23. Kc2 h5 24. h4 a5 25. Kc3 Nf5 26. g3 Nd4 27. Bg2 Rd8 28. Kb2 e6 29. Bf1 Kf6 30. Rd3 Rb8 31. Kc3 a4 32. b4 e5 33. b5 Ke6 34. Bg2 f5 35. Bd5+ Kd6 36.
Bf7 e4 37. Rd1 Ke5 38. Bxg6 Rh8 39. Bf7 f4 40. gxf4+ Kxf4 41. Bd5 Kf3 42. b6 Rb8 43. b7 Kxf2 44. Bxe4 Kg3 45. Rxd4 cxd4+ 46. Kxd4 Kxh4 47. c5 Kg3 48. c6 h4 49. c7 1-0

[Event "*** Titled Tuesday Blitz"]
[Site "Chess.com"]
[Date "2020.03.03"]
[Round "1"]
[White "Boundless_Strike"]
[Black "Endgamegenius"]
[Result "1-0"]
[WhiteElo "2689"]
[BlackElo "2317"]
[TimeControl "180+1"]
[EndTime "9:08:29 PST"]
[Termination "Boundless_Strike won by resignation"]

1. d4 c6 2. Nf3 Nf6 3. c4 d5 4. Qc2 Bg4 5. Ne5 Bh5 6. Qb3 Qb6 7. c5 Qxb3 8. axb3 Nbd7 9. Bf4 Nxe5 10. Bxe5 a6 11.
Nc3 Nd7 12. Bg3 e5 13. e3 Be7 14. Bd3 Bg6 15. Kd2 Bf6 16. Ra4 O-O 17. Bxg6 hxg6 18. Rb4 Rab8 19. Ra1 Rfe8 20. Kd3 g5 21. Na4 g6 22. Nb6 Nf8 23. Na4 Nd7 24. Nc3 Kg7 25. f3 Re7 26. Nd1 Rbe8 27. Nc3 Rb8 28. Na4 Rbe8 29. Rd1 exd4 30. exd4 Re3+ 31. Kc2 Re2+ 32. Rd2 g4 33. Rxb7 gxf3 34. gxf3 Nf8 35. Rb6 Ne6 36. Rxe2 Nxd4+ 37. Kd3 Rxe2 38. Rxc6 Re8 39. Rxf6 Kxf6 40. Kxd4 Kf5 41. c6 Re2 42. c7 Re8 43.
Nb6 f6 44. c8=Q+ Rxc8 45. Nxc8 1-0

[Event "*** Titled Tuesday Blitz"]
[Site "Chess.com"]
[Date "2020.03.03"]
[Round "1"]
[White "Monmoransy"]
[Black "szefru"]
[Result "1-0"]
[WhiteElo "2595"]
[BlackElo "2165"]
[TimeControl "180+1"]
[EndTime "9:08:30 PST"]
[Termination "Monmoransy won by resignation"]

1. e4 e5 2. Nf3 Nc6 3. Bb5 a6 4. Bxc6 dxc6 5. O-O Bd6 6. d4 f6 7. dxe5 fxe5 8. Nxe5 Nf6 9. Nf3 Bg4 10. e5 Bxf3 11. Qxf3 Bxe5 12. Re1 Qd6 13. Bf4 Nd7 14. Bxe5 Nxe5 15.
Qh5+ Kd7 16. Qf5+ Qe6 17. Qxe6+ Kxe6 18. f4 Kd6 19. fxe5+ Kd5 20. Nc3+ Kc4 21. Re4+ Kc5 22. Rd1 Rad8 23. b4+ Kb6 24. Red4 Rde8 25. Rd7 Rxe5 26. Rxg7 Re3 27. Rd3 Re1+ 28. Kf2 Rc1 29. Rd2 Rf8+ 30.
Kg3 h5 31. Rg5 Rh8 32. h4 Re1 33. Re2 Rc1 34. Na4+ Ka7 35. Nc5 Ra1 36. c3 Rc1 37. Re3 Rc2 38. a4 Rd8 39. a5 Rdd2 40. Kh3 Rd1 41.
Rg7 Rh1+ 42. Kg3 Rg1 43. Kh2 Rcc1 44. Rxc7 Rh1+ 45. Kg3 Rce1 46. Rxb7+ Ka8 47. Rxe1 Rxe1 48. Rb6 Re3+ 49. Kf4 Rxc3 50. Rxa6+ Kb8 51. Rxc6 Rc4+ 52. Kg5 Rxb4 53. Kxh5 Rb2 54. Rb6+ Rxb6 55. axb6 Kc8 56. Kg4 Kb8 57. Kh3 Kc8 58. Kh2 Kd8 59. Kh1 Ke7 60.
h5 Kf6 61. b7 Kg5 62. g4 Kh4 63. h6 Kg3 64. g5 Kh3 65. g6 Kg3 66. h7 Kf2 67.
h8=Q Kg3 68. g7 Kf2 69. g8=Q Ke3 70. Nd3 Kd2 71. b8=Q Ke3 72. Qa8 Kxd3 73. Qgf8 Kc4 74. Qhg8+ Kd4 75. Qc4+ Kxc4 76. Qc5+ Kxc5 77. Qa1 Kc6 78. Qh8 Kc5 79. Kg1 Kd5 80. Kf2 Ke4 81. Qf6 Kd5 82. Ke3 1-0